Map: Deathaura LE

Players

DPGDark (Dark)

  • Race: Zerg Zerg
  • League: Master
  • Spawn Location: 11:00

PartinG - Winner!

  • Race: Protoss Protoss
  • League: Grandmaster
  • Spawn Location: 5:00

Event: TSL 6

VOD

Have the link to the VOD?

Description

Time

  • Played on: Dec. 13, 2020, 10:18 a.m.
  • Length: 4:43

All games in this series

Show
View Real Time Build Order
Export as new Build Order

DPGDark Zerg 

Build Orders: Hatch First 

Get SALT Encoding   

  12  0:00  Drone  
  13  0:13  Overlord  
  13  0:16  Drone  
  14  0:31  Drone x2  
  16  0:38  Drone  
  17  0:50  Drone  
  18  1:02  Drone  
  19  1:09  Hatchery  
  19  1:10  Drone  
  19  1:16  Extractor  
  18  1:25  Spawning Pool, Drone  
  18  1:35  Drone  
  19  1:43  Drone  
  20  2:11  Zergling x2  
  20  2:12  Zergling x2  
  22  2:20  Metabolic Boost  
  22  2:22  Spine Crawler, Queen  
  23  2:23  Zergling x2  
  23  2:29  Spine Crawler x2  
  22  2:30  Zergling x4  
  22  2:34  Drone  
  25  2:45  Zergling x2  
  25  2:49  Spine Crawler  
  25  2:51  Overlord  
  25  2:53  Zergling x2  
  26  2:58  Drone  
  26  3:06  Zergling x2  
  26  3:09  Zergling x2  
  28  3:16  Zergling x2  
  28  3:17  Spine Crawler  
  28  3:19  Zergling x4  
  29  3:27  Zergling x4  
  30  3:36  Queen  
  30  3:37  Zergling x2  
  32  3:43  Zergling x2  
  32  3:53  Zergling x4  
  31  4:00  Zergling x4  
  32  4:09  Zergling x2  
  33  4:10  Zergling x4  
  33  4:17  Zergling x2  
  28  4:25  Zergling x4  
Show
View Real Time Build Order
Export as new Build Order

PartinG Protoss - Winner!

Build Orders: 1 Gate Expand 

Get SALT Encoding   

  12  0:00  Probe  
  13  0:13  Pylon  
  13  0:17  Probe (Chrono Boost)  
  14  0:27  Probe (Chrono Boost)  
  15  0:32  Probe (Chrono Boost)  
  16  0:40  Gateway  
  16  0:44  Probe  
  16  0:48  Assimilator  
  17  0:56  Probe  
  18  1:08  Probe  
  19  1:20  Probe  
  19  1:25  Nexus  
  20  1:34  Cybernetics Core  
  20  1:37  Probe  
  21  1:43  Assimilator  
  21  1:49  Probe  
  21  1:52  Pylon  
  22  2:01  Probe  
  22  2:08  Adept (Chrono Boost)  
  23  2:10  Warp Gate  
  23  2:13  Probe  
  26  2:28  Stalker (Chrono Boost)  
  27  2:31  Shield Battery  
  27  2:34  Shield Battery  
  28  2:40  Shield Battery  
  28  2:52  Stalker (Chrono Boost)  
  30  3:02  Shield Battery  
  30  3:16  Stalker (Chrono Boost)  
  32  3:23  Shield Battery  
  32  3:26  Shield Battery  
  32  3:27  Shield Battery  
  32  3:37  Shield Battery  
  34  3:46  Shield Battery  
  32  3:53  Shield Battery  
  32  3:56  Stalker  
  32  3:58  Shield Battery  
  34  4:09  Shield Battery  
  34  4:11  Probe  
  34  4:14  Robotics Facility  
  35  4:19  Shield Battery  
  35  4:23  Stalker  
  35  4:24  Probe  
Tags
 
Add a new tag
Caveats
  • Supply blocks, unpowered buildings, or Contaminate may cause inaccurate times.
  • Supply counts are checked every 10 seconds.